 Dungeon Sprint DCSS version 0.31-a0-841-g038b102fc3 (webtiles) character file.

Game seed: 1492535352391028571

39 sircluck the Ruffian (level 3, -12/39 HPs)
             Began as a Troll Berserker on Sept 27, 2023.
             Was a Follower of Trog.
             Mangled by a snapping turtle (28 damage)
             ... in the Dungeon (Sprint VII: "The Pits").
             The game lasted 00:00:26 (49 turns).

sircluck the Ruffian (Troll Berserker)                Turns: 49, Time: 00:00:26

Health: -12/39     AC:  4    Str: 27    XL:     3   Next: 28%
Magic:  2/2        EV: 10    Int:  3    God:    Trog [*.....]
Gold:   0          SH:  0    Dex:  9    Spells: 2/2 levels left

rFire   . .          .
                       - Unarmed
rCold   . . .        (no shield)
rNeg    . . .        a - +0 animal skin
rPois   .            (helmet restricted)
rElec   .            (no cloak)
rCorr   .            (gloves unavailable)
SInv    .            (boots unavailable)
Will    .....        (no amulet)
Stlth   +            (no ring)
HPRegen 1.06/turn    (no ring)
MPRegen 0.08/turn

%: no teleportation
@: on berserk cooldown, slowed, very slow
A: large, unfitting armour, claws 3, regeneration 1, shaggy fur 1, tough skin 1
a: Renounce Religion, Berserk


You were in the Dungeon.
You worshipped Trog.
Trog was aware of your devotion.
You visited 1 branch

Inventory:

Armour
 a - a +0 animal skin (worn)
Potions
 b - a potion of curing
 c - a potion of heal wounds
 d - a potion of haste
 e - 2 potions of magic
 f - a potion of berserk rage


   Skills:
 + Level 4.0 Fighting
 + Level 3.9 Dodging
 + Level 4.8 Unarmed Combat


You had 2 spell levels left.
You didn't know any spells.
Your spell library was empty.

Dungeon Overview and Level Annotations

Branches:
Dungeon (1/1)

Altars:


Innate Abilities, Weirdness & Mutations

You are too large for most types of armour.
You have claws for hands.
Your natural rate of healing is unusually fast.
You are covered in fur. (AC +1)
You have tough skin. (AC +1)


Message History

You scratch the snapping turtle.
The snapping turtle is lightly wounded.
You scratch the snapping turtle.
The snapping turtle is moderately wounded.
The snapping turtle bites you.
You scratch the snapping turtle.
The snapping turtle is moderately wounded.
The snapping turtle completely misses you.
You scratch the snapping turtle.
The snapping turtle is moderately wounded.
You claw the snapping turtle!
The snapping turtle is heavily wounded.
The snapping turtle closely misses you.
You scratch the snapping turtle but do no damage.
The snapping turtle is heavily wounded.
The snapping turtle bites you!
* * * LOW HITPOINT WARNING * * *
You scratch the snapping turtle but do no damage.
The snapping turtle is heavily wounded.
You are no longer berserk.
You are exhausted.
You feel yourself slow down.
You scratch the snapping turtle but do no damage.
The snapping turtle is heavily wounded.
The snapping turtle barely misses you.
The snapping turtle bites you but does no damage.
You claw the snapping turtle!
The snapping turtle is heavily wounded.
The snapping turtle bites you.
* * * LOW HITPOINT WARNING * * *
Blink to where?
Press: ? - help, Q - select action, (/) - cycle Dir - move target
As you read the scroll of blinking, it crumbles to dust.
A snapping turtle is nearby!
The snapping turtle bites you! The snapping turtle bites you.
You claw the snapping turtle!
The snapping turtle is severely wounded.
The snapping turtle bites you!!
Ouch! That really hurt!
You die...

##########++######
#................#
#......#..#......#
#................+
+................+
#......#..#......#
#.@t.............#
####'#####''######
#.......##''#####
#.......##......#
#.......##......#
#...<...###....##
#.......# ##t'##
#.......# #.†..#
#.......##......#


You could see a snapping turtle.

Vanquished Creatures
  A hound (D)
  A gnoll (D)
2 creatures vanquished.

Notes
Turn   | Place    | Note
-------+----------+-------------------------------------------
     0 | D        | sircluck the Troll Berserker began the quest for the Orb.
     0 | D        | Reached XP level 1. HP: 22/22 MP: 0/0
    17 | D        | Noticed a snapping turtle
    17 | D        | Noticed a hound
    20 | D        | Reached XP level 2. HP: 31/31 MP: 1/1
    22 | D        | Reached XP level 3. HP: 39/39 MP: 2/2
    49 | D        | Mangled by a snapping turtle

Illustrated notes

Levels and vault maps discovered:
D:        pitsprint [storerooms_1, entrance_room_1, metal_vault_2, armoury_2,
          mini_pit_1, grid_room_1, main_hall_1, silver_pit, the_coven_3,
          the_vestibule_1, steel_vault_3, golden_pit, hallway_of_sentries,
          crystal_vault_1, iron_vault_1, final_vault]

Skill      XL: |  1  2 |
---------------+-------+-----
Fighting       | 3 4 |  4.0
Dodging        | 3 |  3.9
Unarmed Combat | 4 |  4.8

Action                     || total
---------------------------++-------
  Melee: Unarmed           ||    18
 Invoke: Berserk           ||     1
    Use: Scroll            ||     1
 Armour: Animal skin       ||     9
  Dodge: Dodged            ||     7

Table legend: (Time is in decaauts)
 A = Elapsed time spent in this place.
 B = Non-inter-level travel time spent in this place.
 C = Inter-level travel time spent in this place.
 D = Time resting spent in this place.
 E = Time spent auto-exploring this place.
 F = Levels seen in this place.
 G = Mean time per level.
                   A        B        C        D        E       F      G
               +--------+--------+--------+--------+--------+-----+--------+
         Total |     49 |     49 |      0 |      0 |     17 |   1 |   49.0 |
       Dungeon |     49 |     49 |      0 |      0 |     17 |   1 |   49.0 |
               +--------+--------+--------+--------+--------+-----+--------+

Top non-repeatable levels by time:
       D: 49 daAuts
